 Dungeon Crawl Stone Soup version 0.21-b1-21-g86478ac (webtiles) character file.

19566 zaRGo the Thaumaturge (level 12, -12/106 HPs)
             Began as a Deep Elf Fire Elementalist on Jan 4, 2018.
             Was a Priest of Vehumet.
             Mangled by a komodo dragon (13 damage)
             ... on level 1 of the Lair of Beasts on Jan 5, 2018.
             The game lasted 02:37:28 (22791 turns).

zaRGo the Thaumaturge (Deep Elf Fire Elementalist) Turns: 22791, Time: 02:37:29

Health: -12/106    AC: 28    Str:  6    XL:     12   Next: 37%
Magic:  30/39      EV:  2    Int: 25    God:    Vehumet [***...]
Gold:   712        SH:  5    Dex: 15    Spells: 12/35 levels left

rFire    . . .     SeeInvis .   a - +4 hunting sling
rCold    . . .     Gourm    .   Q - +0 buckler
rNeg     + + +     Faith    .   (armour currently unavailable)
rPois    +         Spirit   .   (helmet currently unavailable)
rElec    .         Reflect  .   (cloak currently unavailable)
rCorr    .         Harm     .   (gloves currently unavailable)
MR       +....     NoTele   +   (boots currently unavailable)
Stlth    ++........             (no amulet)
HPRegen  0.27/turn              w - +2 ring of protection
MPRegen  0.26/turn              C - ring of magical power

@: tree-form
A: no striking features
a: Renounce Religion


You were on level 1 of the Lair of Beasts.
You worshipped Vehumet.
Vehumet was most pleased with you.
You were not hungry.
You were a tree.
You visited 3 branches of the dungeon, and saw 13 of its levels.

You collected 712 gold pieces.

Inventory:

Hand Weapons
 a - a +4 hunting sling (weapon)
 b - a +4 dagger of flaming
Missiles
 m - 282 stones
 r - 82 sling bullets (quivered)
Armour
 A - a +0 cloak (melded)
 B - a +1 helmet (melded)
 J - a +2 robe of fire resistance
 K - a +1 leather armour of fire resistance (melded)
 Q - a +0 buckler (worn)
 R - a +1 robe of magic resistance
 X - a +0 pair of gloves (melded)
Magical Staves
 l - an uncursed staff of wizardry
Jewellery
 j - an uncursed ring of wizardry
 v - an uncursed ring of ice
 w - a +2 ring of protection (left branch)
 x - an uncursed ring of protection from fire
 C - a ring of magical power (right branch)
 N - an uncursed ring of see invisible
 S - an uncursed ring of positive energy
Wands
 c - a wand of iceblast (11)
 g - a wand of digging (13)
 T - a wand of disintegration (17)
 Y - a wand of acid (13)
Scrolls
 e - 2 scrolls of immolation
 n - 2 scrolls of enchant armour
 o - 5 scrolls of remove curse
 E - 3 scrolls of amnesia
 V - a scroll of magic mapping
Potions
 d - 2 potions of ambrosia
 h - 4 potions of might
 p - 3 potions of curing
 u - a potion of lignification
 z - a potion of invisibility {unknown}
 F - a potion of mutation
 I - 2 potions of cancellation
 L - a potion of brilliance
 M - a potion of agility
Books
 k - a book of Geomancy

   Spells                             Type                      Level
   a - Sandblast                      Earth                        1
   b - Passwall                       Transmutation/Earth          2
   c - Stone Arrow                    Conjuration/Earth            3
   d - Petrify                        Transmutation/Earth          4
   e - Lee's Rapid Deconstruction     Earth                        5
 t - a book of Flames

   Spells                             Type                      Level
   a - Flame Tongue                   Conjuration/Fire             1
   b - Throw Flame                    Conjuration/Fire             2
   c - Conjure Flame                  Conjuration/Fire             3
   d - Inner Flame                    Hexes/Fire                   3
   e - Sticky Flame                   Conjuration/Fire             4
   f - Fireball                       Conjuration/Fire             5
 G - a book of Conjurations

   Spells                             Type                      Level
   a - Magic Dart                     Conjuration                  1
   b - Searing Ray                    Conjuration                  2
   c - Dazzling Spray                 Conjuration/Hexes            3
   d - Fulminant Prism                Conjuration/Hexes            4
   e - Force Lance                    Conjuration/Translocation    4
   f - Iskenderun's Mystic Blast      Conjuration                  4
 O - a book of Maledictions

   Spells                             Type                      Level
   a - Corona                         Hexes                        1
   b - Ensorcelled Hibernation        Hexes/Ice                    2
   c - Confuse                        Hexes                        3
   d - Tukima's Dance                 Hexes                        3
   e - Dazzling Spray                 Conjuration/Hexes            3
 P - a book of Enchantments

   Spells                             Type                      Level
   a - Cause Fear                     Hexes                        4
   b - Yara's Violent Unravelling     Hexes/Transmutation          5
   c - Silence                        Hexes/Air                    5
   d - Deflect Missiles               Charms/Air                   6
   e - Discord                        Hexes                        8
Comestibles
 f - 3 chunks of flesh
 y - 22 rations


   Skills:
 * Level 6.7 Fighting
 * Level 8.2 Dodging
 - Level 2.4 Stealth
 - Level 4.0 Shields
 * Level 12.3 Spellcasting
 * Level 11.1 Conjurations
 * Level 10.5 Fire Magic
 - Level 4.6 Earth Magic
 - Level 1.1 Evocations


You had 12 spell levels left.
You knew the following spells:

 Your Spells              Type           Power        Failure   Level  Hunger
a - Flame Tongue          Conj/Fire      #####        1%          1    None
b - Throw Flame           Conj/Fire      ######       1%          2    None
c - Conjure Flame         Conj/Fire      ######..     1%          3    None
d - Sticky Flame          Conj/Fire      ######..     1%          4    None
e - Fireball              Conj/Fire      ######....   1%          5    ###....
g - Stone Arrow           Conj/Erth      ######       1%          3    None
h - Iskenderun's Mystic   Conj           ######..     1%          4    None
i - Magic Dart            Conj           ####         1%          1    None


Dungeon Overview and Level Annotations

Branches:
Dungeon (11/15)            Temple (1/1) D:6            Lair (1/6) D:8
    Orc (0/2) D:9

Altars:
Cheibriados
Dithmenos
Kikubaaqudgha
Makhleb
Nemelex Xobeh
Sif Muna
Trog
Vehumet
Xom
The Shining One

Portals:
Trove: D:11 (give +3 storm dragon scales)

Annotations:
D:2 exclusion: downstairs
D:3 2 exclusions
D:4 3 exclusions
D:6 1 exclusion
D:10 1 exclusion


Message History

The komodo dragon is moderately wounded.
The komodo dragon is covered in liquid flames!
The komodo dragon burns!
The komodo dragon bites you!
* * * LOW HITPOINT WARNING * * *
The komodo dragon hisses menacingly.
The komodo dragon completely misses you.
Casting: Sticky Flame
Confirm with . or Enter, or press ? or * to list all spells.
Aiming: Sticky Flame
Press: ? - help, Shift-Dir - straight line, f - komodo dragon, p - komodo dragon
Aim: a komodo dragon The sticky flame hits the komodo dragon.
The komodo dragon is moderately wounded.
The komodo dragon is covered in liquid flames!
The komodo dragon burns! x2; You block the porcupine's attack.
The komodo dragon bites you!
* * * LOW HITPOINT WARNING * * *
The komodo dragon hisses menacingly.
The komodo dragon bites you!
You die...

.... ....#
.....#####
.........#
.........#
........#####
........###.#
......P#l...##
#......♣.....##
##P...lr......##
##..........#.#
##..........##
#####.......#
##.†.....#
#.#......#
###.........
##P.........##


You could see 2 komodo dragons and a porcupine.

Vanquished Creatures
  4 hydras
  Erica (D:11)
  3 two-headed ogres
  Nergalle (D:11)
  The ghost of Plasmagod the Covert, a novice SpEn of Dithmenos (D:7)
  A cyclops (D:11)
  2 komodo dragons (Lair:1)
  A guardian mummy (D:11)
  4 trolls
  2 hornets (D:9)
  23 yaks
  Grum (D:8)
  Eustachio (D:6)
  A hungry ghost (D:7)
  3 steam dragons
  A soldier ant (D:9)
  Duvessa (D:6)
  An orc warrior (D:10)
  A water moccasin (D:9)
  A porcupine (D:8)
  4 ice beasts (D:11)
  3 phantoms
  A necrophage (D:9)
  2 sky beasts
  5 ogres
  12 wolves
  3 centaurs
  2 crocodiles
  2 big kobolds
  Blork the orc (D:4)
  11 bullfrogs
  2 gnoll sergeants
  Dowan (D:6)
  4 scorpions
  A water moccasin skeleton (D:7)
  4 killer bees (D:9)
  A vampire bat (D:2)
  4 howler monkeys
  3 electric eels (D:8)
  A centaur zombie (D:6)
  A bullfrog zombie (D:6)
  4 crimson imps
  10 hounds
  3 jellies
  3 orc priests
  A bullfrog skeleton (D:6)
  Crazy Yiuf (D:6)
  12 orc wizards
  3 iguanas
  5 worker ants
  2 hound zombies
  2 worker ant zombies (D:9)
  The ghost of tidbits the Grave Robber, a weakling FeNe (D:4)
  17 gnolls
  16 adders
  3 shadow imps
  An ooze (D:4)
  An adder zombie (D:6)
  An adder skeleton (D:2)
  4 worms
  7 dart slugs
  6 leopard geckos
  50 orcs
  4 bat skeletons (D:2)
  A bat zombie (D:2)
  5 giant cockroaches
  6 goblins
  12 hobgoblins
  15 jackals
  23 kobolds
  8 quokkas
  A ball python (D:6)
  A ball python skeleton (D:6)
  4 bats
  6 frilled lizards
  A leopard gecko zombie (D:6)
  A quokka zombie (D:10)
  7 rats
370 creatures vanquished.

Vanquished Creatures (others)
  An orc (D:11)
  A fungus (D:6)
  2 plants (Lair:1)
4 creatures vanquished.

Grand Total: 374 creatures vanquished

Notes
Turn   | Place    | Note
-------+----------+-------------------------------------------
     0 | D:1      | zaRGo the Deep Elf Fire Elementalist began the quest for the Orb.
     0 | D:1      | Reached XP level 1. HP: 10/10 MP: 6/6
   297 | D:1      | Reached XP level 2. HP: 15/15 MP: 1/8
   704 | D:1      | Learned a level 2 spell: Throw Flame
  1246 | D:1      | Reached XP level 3. HP: 10/19 MP: 6/10
  1653 | D:2      | Learned a level 3 spell: Conjure Flame
  2162 | D:2      | Reached XP level 4. HP: 24/24 MP: 5/11
  2324 | D:2      | Reached skill level 4 in Spellcasting
  2713 | D:2      | Found a bloodstained altar of Trog.
  3380 | D:2      | Found an ancient bone altar of Kikubaaqudgha.
  3432 | D:2      | Reached XP level 5. HP: 28/28 MP: 8/13
  3766 | D:3      | Learned a level 4 spell: Sticky Flame
  4010 | D:3      | Found a sparkling altar of Nemelex Xobeh.
  4154 | D:3      | Found a deep blue altar of Sif Muna.
  4868 | D:3      | Reached XP level 6. HP: 32/32 MP: 10/15
  4973 | D:3      | Reached skill level 5 in Spellcasting
  5156 | D:4      | Found a shadowy altar of Dithmenos.
  5157 | D:4      | Noticed tidbits's ghost (weakling FeNe)
  5174 | D:4      | Found a snail-covered altar of Cheibriados.
  5203 | D:4      | Killed tidbits's ghost
  5338 | D:4      | Reached skill level 5 in Conjurations
  5338 | D:4      | Reached skill level 5 in Fire Magic
  5487 | D:4      | Found a shimmering altar of Xom.
  5487 | D:4      | Found a shimmering altar of Xom.
  5488 | D:4      | Found a shimmering altar of Xom.
  5503 | D:4      | Found a shimmering altar of Xom.
  5504 | D:4      | Found a shimmering altar of Xom.
  5678 | D:4      | Reached XP level 7. HP: 36/36 MP: 10/17
  6597 | D:4      | Reached skill level 6 in Spellcasting
  6687 | D:4      | Noticed Blork the orc
  6709 | D:4      | Killed Blork the orc
  7115 | D:5      | Entered Level 5 of the Dungeon
  8164 | D:5      | Reached XP level 8. HP: 41/41 MP: 7/20
  8824 | D:6      | Reached skill level 7 in Spellcasting
  9206 | D:6      | Noticed Eustachio
  9229 | D:6      | Killed Eustachio
  9506 | D:6      | Learned a level 5 spell: Fireball
  9508 | D:6      | Learned a level 1 spell: Magic Dart
  9513 | D:6      | Learned a level 4 spell: Iskenderun's Mystic Blast
  9574 | D:6      | Noticed Duvessa
  9576 | D:6      | Noticed Dowan
  9582 | D:6      | Killed Duvessa
  9641 | D:6      | Killed Dowan
  9752 | D:6      | Reached skill level 1 in Fighting
 10005 | D:6      | Reached skill level 8 in Spellcasting
 10087 | D:6      | Reached XP level 9. HP: 48/48 MP: 8/23
 10173 | D:6      | Found a staircase to the Ecumenical Temple.
 10362 | D:7      | Noticed Plasmagod's ghost (novice SpEn)
 11361 | D:6      | Found a runed door.
 11365 | D:6      | Noticed Crazy Yiuf
 11366 | D:6      | Killed Crazy Yiuf
 12049 | D:7      | Killed Plasmagod's ghost
 12049 | D:7      | Reached skill level 9 in Spellcasting
 12458 | D:7      | Reached skill level 1 in Evocations
 12602 | Temple   | Entered the Ecumenical Temple
 12614 | Temple   | Became a worshipper of Vehumet
 12950 | D:8      | Noticed a two-headed ogre
 12983 | D:8      | Killed a two-headed ogre
 13002 | D:8      | Reached XP level 10. HP: 56/56 MP: 2/25
 13234 | D:8      | Noticed Grum
 13266 | D:8      | Reached skill level 1 in Shields
 13271 | D:8      | Killed Grum
 13577 | D:8      | Reached skill level 5 in Dodging
 13773 | D:8      | Reached * piety under Vehumet
 13773 | D:8      | Offered knowledge of Freeze by Vehumet.
 13773 | D:8      | Reached skill level 10 in Spellcasting
 13834 | D:8      | Found a staircase to the Lair.
 15326 | D:9      | Found a staircase to the Orcish Mines.
 15587 | D:10     | Entered Level 10 of the Dungeon
 15597 | D:9      | Reached skill level 10 in Conjurations
 16100 | D:9      | Learned a level 3 spell: Stone Arrow
 16246 | D:9      | Reached XP level 11. HP: 62/62 MP: 8/27
 16396 | D:9      | Reached skill level 5 in Fighting
 16396 | D:9      | Reached skill level 1 in Earth Magic
 16519 | D:9      | Reached skill level 11 in Spellcasting
 16520 | D:9      | Offered knowledge of Throw Frost by Vehumet.
 16621 | D:9      | Reached ** piety under Vehumet
 17881 | D:10     | Offered knowledge of Mephitic Cloud by Vehumet.
 18326 | D:10     | Noticed a two-headed ogre
 18332 | D:10     | Noticed a two-headed ogre
 18337 | D:10     | Killed a two-headed ogre
 18345 | D:10     | Killed a two-headed ogre
 18689 | D:11     | Noticed a four-headed hydra
 18694 | D:11     | Killed a four-headed hydra
 18862 | D:11     | Reached *** piety under Vehumet
 18871 | D:11     | Noticed Nergalle
 19062 | D:11     | Noticed a seven-headed hydra
 19082 | D:11     | Killed a seven-headed hydra
 19415 | Lair:1   | Entered Level 1 of the Lair of Beasts
 19415 | Lair:1   | Noticed a six-headed hydra
 19415 | Lair:1   | Noticed a four-headed hydra
 19717 | D:11     | Noticed a spectral orc warlord
 19717 | D:11     | Killed Nergalle
 19717 | D:11     | Reached skill level 10 in Fire Magic
 19959 | D:11     | Found a portal to a secret trove of treasure.
 20542 | D:11     | Noticed Erica
 20553 | D:11     | Killed Erica
 20823 | D:11     | Reached XP level 12. HP: 70/70 MP: 29/29
 21373 | D:8      | Killed a four-headed hydra
 21373 | D:8      | Reached skill level 12 in Spellcasting
 21753 | D:8      | Offered knowledge of Throw Icicle by Vehumet.
 22369 | D:8      | Killed a six-headed hydra
 22791 | Lair:1   | HP: 1/106 [komodo dragon (16)]
 22791 | Lair:1   | Mangled by a komodo dragon

Skill      XL: |  1  2  3  4  5  6  7  8  9 10 11 12 |
---------------+-------------------------------------+-----
Conjurations   | 2 3 4 5 7 8 9 10 11 | 11.1
Spellcasting   | 4 5 6 8 9 10 11 12 | 12.3
Fire Magic     | 4 5 6 7 8 9 10 | 10.5
Fighting       | 1 3 4 6 |  6.7
Dodging        | 3 4 5 7 8 |  8.2
Evocations     | 1 |  1.1
Shields        | 2 3 4 |  4.0
Earth Magic    | 4 |  4.6
Stealth        | |  2.4

Action                   |  1- 3 |  4- 6 |  7- 9 | 10-12 || total
-------------------------+-------+-------+-------+-------++-------
Melee: Unarmed           |     1 |       |       |       ||     1
       Short sword       |     1 |       |       |       ||     1
 Fire: Hunting sling     |       |    46 |    40 |    20 ||   106
Throw: Stone             |    22 |    10 |     1 |       ||    33
 Cast: Flame Tongue      |    66 |   113 |   205 |   160 ||   544
       Conjure Flame     |     4 |    15 |    22 |    26 ||    67
       Throw Flame       |       |    22 |    40 |    69 ||   131
       Sticky Flame      |       |       |    27 |    53 ||    80
       Magic Dart        |       |       |    11 |    10 ||    21
       Iskenderun's Myst |       |       |     3 |     2 ||     5
       Fireball          |       |       |    13 |    67 ||    80
       Stone Arrow       |       |       |       |    36 ||    36
Evoke: Wand              |       |       |       |     1 ||     1
  Use: Scroll            |       |     6 |     7 |    17 ||    30
       Potion            |       |       |     3 |     4 ||     7
  Eat: Chunk             |     4 |     8 |    17 |    28 ||    57
       Ration            |       |     1 |     3 |     3 ||     7
Armor: Robe              |     2 |    16 |    25 |    18 ||    61
       Leather armour    |       |       |       |    24 ||    24
Dodge: Dodged            |    22 |    47 |    52 |   143 ||   264
Block: Buckler           |       |       |       |    55 ||    55
